 Dungeon Crawl Stone Soup version 0.24.0-13-gcf9b3192b9 (webtiles) character file.

Game seed: 15614541746503156589, levelgen mode: deterministic

54 Ponchio the Skirmisher (level 3, -6/36 HPs)
             Began as a Gargoyle Fighter on Nov 1, 2019.
             Mangled by Sigmund
             ... wielding a +1 scythe of slicing
              (11 damage)
             ... on level 2 of the Dungeon on Nov 5, 2019.
             The game lasted 00:04:43 (1276 turns).

Ponchio the Skirmisher (Gargoyle Fighter)           Turns: 1276, Time: 00:04:44

Health: -6/36      AC:  8    Str: 24    XL:     3   Next: 91%
Magic:  3/3        EV:  8    Int:  8    God:
Gold:   60         SH:  0    Dex: 10    Spells: 2/2 levels left

rFire    . . .     SeeInvis .   o - +1 whip (elec)
rCold    + . .     Gourm    .   c - +0 shield
rNeg     + . .     Faith    .   n - +0 ring mail
rPois    ∞         Spirit   .   (no helmet)
rElec    +         Reflect  .   (no cloak)
rCorr    .         Harm     .   (no gloves)
MR       .....                  (no boots)
Stlth    ..........             (no amulet)
HPRegen  0.12/turn              m - ring of protection from cold
MPRegen  0.08/turn              (no ring)

@: confused, berserking, very quick
A: negative energy resistance 1, electricity resistance, unbreathing,
petrification resistance, rot immunity, AC +3
a: no special abilities


You were on level 2 of the Dungeon.
You were not hungry.

You visited 1 branch of the dungeon, and saw 2 of its levels.

You collected 60 gold pieces.

Inventory:

Hand Weapons
 a - a +0 flail
 o - a +1 whip of electrocution (weapon)
Armour
 c - a +0 shield (worn)
 n - a +0 ring mail (worn)
Jewellery
 m - a ring of protection from cold (left hand)
Scrolls
 b - a scroll of amnesia {unknown}
 g - 3 scrolls of identify {unknown}
 i - a scroll of teleportation {unknown}
 l - a scroll of fear {unknown}
 p - a scroll of blinking {unknown}
Potions
 d - a potion of might
 e - a potion of magic {unknown}
 h - a potion of degeneration {unknown}
 j - 2 potions of berserk rage
 k - a potion of invisibility {unknown}
Comestibles
 f - 3 rations


   Skills:
 + Level 4.3 Fighting
 + Level 3.1 Maces & Flails
 - Level 3.3 Armour
 - Level 3.2 Shields


You had 2 spell levels left.
You didn't know any spells.
Your spell library was empty.

Dungeon Overview and Level Annotations

Branches:
Dungeon (2/15)

Altars:

Annotations:
D:2 Sigmund


Innate Abilities, Weirdness & Mutations

You are resistant to torment.
Your stone body is resilient. (AC +3)
You are immune to poison.
You resist negative energy. (rN+)
You are resistant to electric shocks. (rElec)
You can survive without breathing.
You are immune to petrification.
You are immune to rotting.


Message History

You hit something.
You hear some strange, mumbled words.
Something tries to affect you, but you resist.
You hit something. Something hits you.
You barely miss something.
You hear some strange, mumbled words.
A puff of flame appears from out of thin air!
The puff of flame hits you!
* * * LOW HITPOINT WARNING * * *
Something hits you but does no damage.
There is an open door here.
You are confused.
It was a potion of berserk rage.
A red film seems to cover your vision as you go berserk!
You feel yourself moving faster!
You feel mighty!
Unknown command.
You are too berserk!
You feel a strong urge to attack something.
Something hits you!
You die...

#.#...##..#...##..#
......#..#...##..#
#.................#
####..#####....#.##
#..#####..#.#.#
#.........#.#.#
##'#######.....#
##...## ###.### ###
##@....## #.# # ##.##
##.......# #.#
####.#...####.########
###
............'........
###.#)..####.#...#..
#...)## #........
####.# ###...#.. #.#
...... #.# #####


There were no monsters in sight!

Vanquished Creatures
  2 oozes
  A worm (D:2)
  A leopard gecko (D:1)
  A ball python (D:1)
  4 bats
  3 giant cockroaches
  5 goblins
  7 hobgoblins
  A quokka (D:2)
  2 frilled lizards
  6 kobolds
  5 rats
38 creatures vanquished.

Notes
Turn   | Place    | Note
-------+----------+-------------------------------------------
     0 | D:1      | Ponchio the Gargoyle Fighter began the quest for the Orb.
     0 | D:1      | Reached XP level 1. HP: 14/14 MP: 1/1
    16 | D:1      | Upgraded the game from 0.24.0-3-g28a8eb0610 to
                  | 0.24.0-13-gcf9b3192b9
   141 | D:1      | Reached XP level 2. HP: 19/19 MP: 2/2
   482 | D:1      | Reached XP level 3. HP: 23/24 MP: 3/3
   494 | D:1      | Reached skill level 4 in Fighting
  1252 | D:2      | Noticed Sigmund
  1276 | D:2      | Mangled by Sigmund

Levels and vault maps discovered:
D:1:      dpeg_arrival_ternary, layout_basic, minmay_misc_feat_square
D:2:      layout_loops_corners, lemuel_coloured_pillars_altar, uniq_sigmund

Skill      XL: |  1  2  3 |
---------------+----------+-----
Fighting       | 4 |  4.3
Maces & Flails | 3 |  3.1
Armour         | |  3.3
Shields        | |  3.2

Action                   || total
-------------------------++-------
Melee: Flail             ||   121
       Whip              ||    17
  Use: Potion            ||     1
  Eat: Chunk             ||     1
Armor: Scale mail        ||    54
       Ring mail         ||    20
Dodge: Dodged            ||    34
Block: Shield            ||    69
